 Dungeon Crawl Stone Soup version 0.25.1-2-g60ff931df9 (webtiles) character file.

Game seed: 10310852586186965108

87 CyK the Poker (level 4, -3/33 HPs)
             Began as a Demonspawn Warper on Aug 16, 2020.
             Slain by an adder (4 damage)
             ... on level 2 of the Dungeon.
             The game lasted 00:06:39 (2685 turns).

CyK the Poker (Demonspawn Warper)                   Turns: 2685, Time: 00:06:40

Health: -3/33      AC:  3    Str: 11    XL:     4   Next: 28%
Magic:  7/7        EV: 12    Int: 15    God:
Gold:   32         SH:  0    Dex: 13    Spells: 3/7 levels left

rFire    . . .     SeeInvis .   a - +0 spear
rCold    . . .     Gourm    .   (no shield)
rNeg     . . .     Faith    +   b - +0 leather armour
rPois    .         Spirit   .   (helmet restricted)
rElec    .         Reflect  .   (no cloak)
rCorr    .         Harm     .   (no gloves)
MR       .....                  (no boots)
Stlth    +.........             k - amulet of faith
HPRegen  0.11/turn              (no ring)
MPRegen  0.10/turn              (no ring)

@: lethally poisoned (-3 -> -9), very slightly contaminated, slowed, invisible,
very slow
A: antennae 2
a: no special abilities


You were on level 2 of the Dungeon.
You were not hungry.

You visited 1 branch of the dungeon, and saw 2 of its levels.

You collected 32 gold pieces.

Inventory:

Hand Weapons
 a - a +0 spear (weapon)
 l - a +2 vorpal hunting sling
Missiles
 e - 5 boomerangs of dispersal (quivered)
 o - 4 stones
Armour
 b - a +0 leather armour (worn)
 q - a +0 ring mail
Jewellery
 k - an amulet of faith (around neck)
Scrolls
 d - a scroll of blinking
 g - 3 scrolls of amnesia {unknown}
 j - 4 scrolls of identify {unknown}
 m - a scroll of fear {unknown}
 n - a scroll of magic mapping {unknown}
 p - a scroll of remove curse {unknown}
 r - a scroll of teleportation {unknown}
Potions
 h - a potion of ambrosia
Comestibles
 f - 2 rations


   Skills:
 - Level 2.0 Fighting
 + Level 4.2 Polearms
 - Level 0.8 Throwing
 - Level 0.8 Armour
 - Level 1.7 Dodging
 - Level 2.0 Spellcasting
 - Level 2.6 Translocations


You had 3 spell levels left.
You knew the following spells:

 Your Spells              Type           Power        Failure   Level  Hunger
a - Shroud of Golubria    Chrm/Tloc      #.....       26%         2    ###....
b - Blink                 Tloc           N/A          14%         2    ###....

Your spell library contained the following spells:

 Spells                   Type           Power        Failure   Level  Hunger
 Gell's Gravitas          Tloc           #.........   28%         3    ###....
 Lesser Beckoning         Tloc           #.........   28%         3    ###....
 Teleport Other           Tloc           #.......     28%         3    ###....
 Passage of Golubria      Tloc           N/A          67%         4    #####..


Dungeon Overview and Level Annotations

Branches:
Dungeon (2/15)

Altars:

Annotations:
D:2 Jessica


Innate Abilities, Weirdness & Mutations

You have a pair of antennae on your head.


Message History

You are poisoned.
The adder poisons you!
It was a potion of invisibility.
You fade into invisibility!
You feel sick. The adder closely misses you.
You are very lightly contaminated with residual magic.
The adder barely misses you. x2
You feel sick. The adder misses you. The adder misses you.
You feel sick. The adder completely misses you. The adder bites you.
* * * LOW HITPOINT WARNING * * *
You are more poisoned.
The adder poisons you!
You closely miss the adder.
The adder is heavily wounded.
* * * LOW HITPOINT WARNING * * *
You feel sick. The adder bites you.
You die...

.8. ...# ##...##
#.# .8. ...# ##'##
#.# ..... ...#
#.####### #.#
.#.#.##..#
####........ ..#
.........#
#.......#### ###
.........#
#.#...#.# #)#
##...รท...#
#.##.#####......#.#
#..).....S@..#..#.#
####.#####....).#.#
...# ##.#####.#
##### #.#####.#
#.......# #########


You could see an adder.

Vanquished Creatures
  Natasha (D:2)
  2 adders (D:2)
  An ooze (D:1)
  2 dart slugs (D:1)
  A leopard gecko (D:2)
  A ball python (D:1)
  4 bats
  5 giant cockroaches
  3 goblins (D:1)
  6 hobgoblins
  5 frilled lizards
  2 kobolds
  2 rats (D:1)
35 creatures vanquished.

Notes
Turn   | Place    | Note
-------+----------+-------------------------------------------
     0 | D:1      | CyK the Demonspawn Warper began the quest for the Orb.
     0 | D:1      | Reached XP level 1. HP: 16/16 MP: 3/3
    14 | D:1      | Reached skill level 2 in Polearms
    95 | D:1      | Gained mutation: You have a pair of small antennae on your
                  | head. [demonic ancestry]
    95 | D:1      | Reached XP level 2. HP: 21/22 MP: 5/5
   247 | D:1      | Learned a level 2 spell: Shroud of Golubria
   762 | D:1      | Reached skill level 3 in Polearms
  1076 | D:1      | Gained mutation: You have a pair of antennae on your head.
                  | [demonic ancestry]
  1076 | D:1      | Reached XP level 3. HP: 17/27 MP: 6/6
  1190 | D:1      | Learned a level 2 spell: Blink
  2033 | D:2      | Noticed Jessica
  2651 | D:2      | Noticed Natasha
  2655 | D:2      | Found a faded altar of an unknown god.
  2671 | D:2      | Killed Natasha
  2671 | D:2      | Reached skill level 4 in Polearms
  2671 | D:2      | Reached XP level 4. HP: 15/33 MP: 7/7
  2685 | D:2      | HP: 1/33 [poisoned by an adder]
  2685 | D:2      | Slain by an adder

Illustrated notes

Levels and vault maps discovered:
D:1:      sevenhm_arrival_forest_fort_large_4, layout_basic
D:2:      layout_loops_corners, amethyst_overflow_temple_binary,
          chequers_ecumenical_altar_simple_redux, kennysheep_small_spiral,
          uniq_jessica, uniq_natasha

Skill      XL: |  1  2  3 |
---------------+----------+-----
Polearms       | 2 3 4 |  4.2
Fighting       | |  2.0
Throwing       | |  0.8
Armour         | |  0.8
Dodging        | |  1.7
Spellcasting   | |  2.0
Translocations | |  2.6

Action                   |  1- 3 |  4- 6 || total
-------------------------+-------+-------++-------
Melee: Spear             |   178 |     6 ||   184
 Cast: Shroud of Golubri |     1 |       ||     1
  Use: Potion            |     2 |     2 ||     4
 Stab: Sleeping          |     1 |       ||     1
  Eat: Chunk             |     6 |       ||     6
Armor: Leather armour    |    31 |       ||    31
Dodge: Dodged            |    69 |    11 ||    80
